 Dungeon Crawl Stone Soup version 0.20.1-1-g8b1a95d (webtiles) character file.

84 wrentha the Magician (level 4, 0/24 HPs)
             Began as a Deep Elf Wizard on Dec 8, 2017.
             Slain by an orc priest
             ... wielding a +0 falchion
              (7 damage)
             ... on level 2 of the Dungeon.
             The game lasted 00:15:37 (3238 turns).

wrentha the Magician (Deep Elf Wizard)              Turns: 3238, Time: 00:15:38

Health: 0/24       AC:  5    Str:  4    XL:     4   Next: 23%
Magic:  0/14       EV: 12    Int: 24    God:
Gold:   112        SH:  0    Dex: 13    Spells: 2/15 levels left

rFire    . . .     SeeInvis .   o - +1 dagger (holy)
rCold    . . .     Gourm    .   (no shield)
rNeg     . . .     Faith    .   m - +1 leather armour {rPois}
rPois    +         Spirit   +   b - +0 hat
rElec    .         Reflect  .   (no cloak)
rCorr    .         Harm     .   (no gloves)
MR       .....                  p - +0 pair of boots
Stlth    ++........             j - amulet of guardian spirit
Regen    0.1/turn               (no ring)
MPRegen  0.2/turn               (no ring)

@: no status effects
A: no striking features
a: no special abilities


You were on level 2 of the Dungeon.
You were hungry.

You visited 1 branch of the dungeon, and saw 3 of its levels.

You collected 112 gold pieces.

Inventory:

Hand Weapons
 k - a +0 dagger
 o - a +1 dagger of holy wrath (weapon)
Missiles
 e - 12 arrows
 l - 103 stones (quivered)
 q - 25 sling bullets
Armour
 b - a +0 hat (worn)
 m - a +1 leather armour of poison resistance (worn)
 p - a +0 pair of boots (worn)
Jewellery
 j - an amulet of guardian spirit (around neck)
Scrolls
 g - 2 scrolls of identify {unknown}
 h - 3 scrolls of remove curse
 r - a scroll of fear {unknown}
 s - 3 scrolls of blinking {unknown}
 t - a scroll of amnesia {unknown}
Potions
 f - a potion of curing {unknown}
 i - a potion of lignification {unknown}
Books
 c - a book of Minor Magic

   Spells                             Type                      Level
   a - Magic Dart                     Conjuration                  1
   b - Blink                          Translocation                2
   c - Call Imp                       Summoning                    2
   d - Slow                           Hexes                        2
   e - Conjure Flame                  Conjuration/Fire             3
   f - Mephitic Cloud                 Conjuration/Poison/Air       3
Comestibles
 d - a bread ration
 n - 3 fruits


   Skills:
 + Level 2.9 Dodging
 + Level 2.6 Stealth
 + Level 6.3 Spellcasting
 + Level 1.8 Conjurations
 + Level 1.2 Summonings
 + Level 1.1 Translocations


You had 2 spell levels left.
You knew the following spells:

 Your Spells              Type           Power        Failure   Level  Hunger
a - Magic Dart            Conj           ###.         6%          1    None
b - Blink                 Tloc           N/A          13%         2    None
c - Call Imp              Summ           ##......     13%         2    None
d - Slow                  Hex            #.......     21%         2    None
e - Mephitic Cloud        Conj/Pois/Air  ##......     32%         3    None
f - Conjure Flame         Conj/Fire      ##......     28%         3    None


Dungeon Overview and Level Annotations

Branches:
Dungeon (3/15)

Altars:
Okawaru


Message History

The orc priest hits you but does no damage.
Your crimson imp closely misses the orc priest.
You hit the orc priest.
The orc priest is moderately wounded.
The orc priest hits you with a falchion.
Your crimson imp blinks!
You barely miss the orc priest.
The orc priest is moderately wounded.
The orc priest barely misses you.
You closely miss the orc priest.
The orc priest is moderately wounded.
Your crimson imp blinks!
The orc priest hits you with a falchion.
* * * LOW HITPOINT WARNING * * *
You hit the orc priest.
The orc priest is moderately wounded.
Your crimson imp closely misses the orc priest.
You swap places.
The orc priest hits you with a falchion!
You die...

#....###.# #.#######.....
##....##.# #....#....####
##...##.# ####.#.####
##....##.# #.#.#
#....###.# #...#
.........# ########.##
##...##### #.....##.#
###.#############o###.##.#
#.............@5# #.##.#
###############.###.##.#
#...<....# ##########


You could see an orc priest and a friendly crimson imp.

Vanquished Creatures
  An ooze (D:2)
  A worm (D:2)
  4 dart slugs
  3 giant cockroaches
  5 goblins
  7 hobgoblins (D:1)
  8 jackals
  3 quokkas
  A ball python (D:2)
  7 bats
  2 frilled lizards (D:1)
  3 kobolds (D:1)
  8 rats
53 creatures vanquished.

Vanquished Creatures (collateral kills)
  A worm (D:2)
  A dart slug (D:2)
  3 orcs (D:3)
  2 jackals (D:2)
  A quokka (D:3)
8 creatures vanquished.

Grand Total: 61 creatures vanquished

Notes
Turn   | Place    | Note
-------+----------+-------------------------------------------
     0 | D:1      | wrentha the Deep Elf Wizard began the quest for the Orb.
     0 | D:1      | Reached XP level 1. HP: 10/10 MP: 7/7
   304 | D:1      | Reached XP level 2. HP: 12/15 MP: 7/9
   371 | D:1      | Learned a level 2 spell: Blink
   374 | D:1      | Learned a level 2 spell: Call Imp
   377 | D:1      | Learned a level 2 spell: Slow
   556 | D:1      | Reached skill level 5 in Spellcasting
  1295 | D:1      | Reached XP level 3. HP: 18/19 MP: 1/12
  1306 | D:1      | Learned a level 3 spell: Mephitic Cloud
  1493 | D:1      | Learned a level 3 spell: Conjure Flame
  2076 | D:2      | Reached skill level 6 in Spellcasting
  2278 | D:2      | Reached XP level 4. HP: 24/24 MP: 11/14
  2406 | D:2      | Found an iron altar of Okawaru.
  2938 | D:3      | HP: 1/24 [orc priest/divine providence (13)]
  3238 | D:2      | Slain by an orc priest

Skill      XL: |  1  2  3 |
---------------+----------+-----
Spellcasting   | 5 6 |  6.3
Dodging        | |  2.9
Stealth        | |  2.6
Conjurations   | |  1.8
Summonings     | |  1.2
Translocations | |  1.1

Action                   |  1- 3 |  4- 6 || total
-------------------------+-------+-------++-------
Melee: Dagger            |    14 |     7 ||    21
 Cast: Magic Dart        |   116 |    17 ||   133
       Call Imp          |     3 |     9 ||    12
       Mephitic Cloud    |     1 |     2 ||     3
       Conjure Flame     |     1 |       ||     1
       Slow              |       |     4 ||     4
       Blink             |       |     2 ||     2
  Use: Scroll            |     1 |       ||     1
  Eat: Chunk             |     4 |     2 ||     6
Armor: Leather armour    |     9 |     1 ||    10
Dodge: Dodged            |    17 |     3 ||    20
